 Dungeon Crawl Stone Soup version 0.26-a0-451-gacbe401039 (webtiles) character file.

Game seed: 6555041731086489076

576 Misa the Skirmisher (level 7, 0/44 HPs)
             Began as a Gargoyle Fighter on July 28, 2020.
             Slain by an orc (3 damage)
             ... on level 4 of the Dungeon.
             The game lasted 00:08:01 (4885 turns).

Misa the Skirmisher (Gargoyle Fighter)              Turns: 4885, Time: 00:08:01

Health: 0/44       AC:  0    Str: 22    XL:     7   Next: 35%
Magic:  7/7        EV:  7    Int:  8    God:
Gold:   186        SH: 10    Dex: 15    Spells: 6/6 levels left

rFire    . . .     SeeInvis .   a - +0 flail
rCold    . . .     Faith    .   c - +0 kite shield
rNeg     + . .     Spirit   .   b - +0 scale mail
rPois    ∞         Reflect  .   (no helmet)
rElec    +         Harm     .   (no cloak)
rCorr    .                      (no gloves)
MR       .....                  (no boots)
Stlth    ..........             (no amulet)
HPRegen  0.14/turn              o - +6 ring of dexterity
MPRegen  0.10/turn              (no ring)

@: corroded
A: negative energy resistance 1, electricity resistance, unbreathing,
petrification resistance, rot immunity, AC +4
a: no special abilities


You were on level 4 of the Dungeon.
You visited 1 branch of the dungeon, and saw 5 of its levels.

You collected 186 gold pieces.

Inventory:

Hand Weapons
 a - a +0 flail (weapon)
Missiles
 t - 2 poisoned darts (quivered)
 w - 6 silver boomerangs
Armour
 b - a +0 scale mail (worn)
 c - a +0 kite shield (worn)
Jewellery
 o - a +6 ring of dexterity (left hand)
Wands
 s - a wand of polymorph (2)
Scrolls
 f - 7 scrolls of identify {unknown}
 h - 4 scrolls of teleportation {unknown}
 i - 4 scrolls of remove curse {unknown}
 j - a scroll of blinking {unknown}
 k - a scroll of immolation {unknown}
 m - a scroll of fear {unknown}
 n - a scroll of enchant weapon {unknown}
 q - 2 scrolls of enchant armour {unknown}
 y - a scroll of noise {unknown}
Potions
 d - a potion of ambrosia {unknown}
 e - a potion of invisibility {unknown}
 g - a potion of degeneration {unknown}
 l - a potion of magic {unknown}
 p - 2 potions of stabbing {unknown}
 r - a potion of might
 u - a potion of brilliance {unknown}
 v - a potion of cancellation {unknown}
 x - 2 potions of curing {unknown}


   Skills:
 + Level 5.3 Fighting
 + Level 4.2 Maces & Flails
 + Level 5.2 Armour
 + Level 5.3 Shields


You had 6 spell levels left.
You didn't know any spells.
Your spell library was empty.

Dungeon Overview and Level Annotations

Branches:
Dungeon (5/15)
 Temple: D:4-7

Altars:
Ashenzari
Nemelex Xobeh

Shops:
D:4 !


Innate Abilities, Weirdness & Mutations

You are resistant to torment.
Your stone body is resilient. (AC +4)
You are immune to poison.
You resist negative energy. (rN+)
You are resistant to electric shocks. (rElec)
You can survive without breathing.
You are immune to petrification.
You are immune to rotting.


Message History

There is a stone staircase leading down here.
You hit the jelly. The acid corrodes you!
Your hands burn!
The jelly is lightly wounded.
The orc barely misses you. You block the jelly's attack.
The orc hits you but does no damage. You block the gnoll's attack.
You hit the jelly. The acid corrodes you!
Your hands burn!
The jelly is moderately wounded.
The orc hits you but does no damage. The jelly hits you but does no damage.
The gnoll hits you. The orc completely misses you. You block the orc's attack.
The jelly hits you.
* * * LOW HITPOINT WARNING * * *
You are splashed with acid!
* * * LOW HITPOINT WARNING * * *
You hit the jelly. The acid corrodes you!
Your hands burn!
* * * LOW HITPOINT WARNING * * *
The jelly is severely wounded.
You block the orc's attack. The gnoll hits you.
* * * LOW HITPOINT WARNING * * *
The orc hits you.
You die...

.........#....##.#
#....# #.#.#
.........#....##.#
#....# #.#.#
.......).#....##.#
#....# #.#.#
.........#.....#.#
###### #.#.#
#.########...#.#.#
#.#.#
#........#####.#.#
#.#.# ########.#
#...# #.#.. #.#
##go# #.#.. #.#
#o@# #.#.# #.#
##J# ######.#.#
#.# #.# #......#.#
#.#######.#
#.####.#.#
#.........#
#.######.#
###########
#........#
#..###.###
#.........
#..###.###


You could see a jelly, a gnoll and 2 orcs.

Vanquished Creatures
  An ogre (D:4)
  A bullfrog (D:2)
  A centaur skeleton (D:4)
  An orc wizard (D:3)
  Jessica (D:3)
  Ijyb (D:3)
  Natasha (thrice) (D:3)
  Robin (D:2)
  3 gnolls (D:4)
  6 adders
  3 oozes
  3 worms
  3 dart slugs
  5 leopard geckos
  7 orcs
  11 bats
  5 giant cockroaches
  19 goblins
  15 hobgoblins
  11 jackals
  A quokka (D:4)
  A ball python (D:1)
  7 frilled lizards
  6 kobolds
  A quokka skeleton (D:4)
  3 rats
120 creatures vanquished.

Notes
Turn   | Place    | Note
-------+----------+-------------------------------------------
     0 | D:1      | Misa the Gargoyle Fighter began the quest for the Orb.
     0 | D:1      | Reached XP level 1. HP: 14/14 MP: 1/1
   460 | D:1      | Reached XP level 2. HP: 19/19 MP: 2/2
   773 | D:1      | Reached XP level 3. HP: 23/23 MP: 3/3
  1249 | D:2      | Noticed a bullfrog
  1263 | D:2      | HP: 1/24 [bullfrog (2)]
  1265 | D:2      | Killed a bullfrog
  1265 | D:2      | Reached XP level 4. HP: 1/29 MP: 4/4
  1646 | D:2      | Reached XP level 5. HP: 33/33 MP: 5/5
  1655 | D:2      | Found a shattered altar of Ashenzari.
  1996 | D:2      | Noticed Robin
  2030 | D:2      | HP: 1/34 [goblin/cursed -1 club[Robin] (3)]
  2595 | D:2      | Killed Robin
  2963 | D:3      | Reached XP level 6. HP: 38/39 MP: 6/6
  3138 | D:3      | Noticed Jessica
  3143 | D:3      | Noticed Natasha
  3153 | D:3      | Killed Jessica
  3179 | D:3      | Killed Natasha
  3440 | D:3      | Noticed Natasha
  3453 | D:3      | Killed Natasha
  3469 | D:3      | Found a sparkling altar of Nemelex Xobeh.
  3612 | D:3      | Noticed Ijyb
  3619 | D:3      | Killed Ijyb
  3765 | D:3      | Noticed Natasha
  3773 | D:3      | Killed Natasha
  3773 | D:3      | Reached skill level 5 in Fighting
  3877 | D:4      | Found Pauroc's Distillery.
  4041 | D:4      | Reached skill level 5 in Armour
  4041 | D:4      | Reached skill level 5 in Shields
  4043 | D:4      | Reached XP level 7. HP: 41/44 MP: 7/7
  4869 | D:5      | Entered Level 5 of the Dungeon
  4885 | D:4      | Slain by an orc

Illustrated notes

Levels and vault maps discovered:
D:1:      ebering_trefoil_twist, layout_loops_corners
D:2:      layout_loops_ring, ashenzari_altar_1, uniq_robin
D:3:      layout_rooms, nemelex_xobeh_ov_fountains_minmay, roderic_lattice_a,
          minivault_11, uniq_jessica, uniq_natasha, uniq_ijyb
D:4:      layout_basic, serial_shops, shop, chequers_serial_rivers_micro_c
D:5:      cheibrodos_thug_alley, layout_cave_pools, enter_ossuary_4,
          serial_gnoll_camp, gnoll_camp_mini_doghouse, gnoll_camp_mini_hut,
          gnoll_camp_mini_hut, gnoll_camp_medium_02, gnoll_camp_mini_hut

Skill      XL: |  1  2  3  4  5  6  7 |
---------------+----------------------+-----
Fighting       | 4 5 |  5.3
Armour         | 4 5 |  5.2
Shields        | 4 5 |  5.3
Maces & Flails | 3 4 |  4.2

Action                   |  1- 3 |  4- 6 |  7- 9 || total
-------------------------+-------+-------+-------++-------
Melee: Flail             |   128 |   394 |    46 ||   568
  Use: Potion            |       |     1 |       ||     1
Armor: Scale mail        |    57 |   273 |    31 ||   361
Dodge: Dodged            |    41 |   138 |    20 ||   199
Block: Kite shield       |    66 |   290 |    39 ||   395

Table legend: (Time is in decaauts)
 A = Elapsed time spent in this place.
 B = Non-inter-level travel time spent in this place.
 C = Inter-level travel time spent in this place.
 D = Time resting spent in this place.
 E = Time spent auto-exploring this place.
 F = Levels seen in this place.
 G = Mean time per level.
                   A        B        C        D        E       F      G
               +--------+--------+--------+--------+--------+-----+--------+
         Total |   5092 |   4919 |    173 |    839 |   2844 |   5 | 1018.4 |
       Dungeon |   5092 |   4919 |    173 |    839 |   2844 |   5 | 1018.4 |
               +--------+--------+--------+--------+--------+-----+--------+

Top non-repeatable levels by time:
     D:1: 1865 daAuts
     D:2: 1098 daAuts
     D:3: 1071 daAuts
     D:4: 1042 daAuts
     D:5: 15 daAuts
